 Dungeon Crawl Stone Soup version 0.31.0-32-g396128a36d (webtiles) character file.

Game seed: 16683105774761916963

417 diceflayer the Chopper (level 6, -1/48 HPs)
             Began as a Demonspawn Fighter on Apr 23, 2024.
             Slain by Prince Ribbit (9 damage)
             ... on level 5 of the Dungeon.
             The game lasted 00:02:59 (3059 turns).

diceflayer the Chopper (Demonspawn Fighter)         Turns: 3059, Time: 00:03:00

Health: -1/48      AC: 15    Str: 19    XL:     6   Next: 61%
Magic:  6/6        EV:  7    Int:  8    God:
Gold:   198        SH:  4    Dex: 12    Spells: 5/5 levels left

rFire   . . .        a - +0 war axe
rCold   . . .        c - +0 buckler
rNeg    . . .        l - +1 chain mail
rPois   .            (helmet restricted)
rElec   .            (no cloak)
rCorr   .            (no gloves)
SInv    .            (no boots)
Will    .....        e - amulet of regeneration Stlth
                     k - ring of flight
HPRegen 1.08/turn    (no ring)
MPRegen 0.20/turn

%: no passive effects
@: sanguine armoured, flying
A: antennae 1, magic regeneration, sanguine armour 1
a: no special abilities


You were on level 5 of the Dungeon.
You visited 1 branch of the dungeon, and saw 5 of its levels.

You collected 198 gold pieces.

Inventory:

Hand Weapons
 a - a +0 war axe (weapon)
 q - a +3 hand axe
Armour
 b - a +0 scale mail
 c - a +0 buckler (worn)
 l - a +1 chain mail (worn)
Jewellery
 e - an amulet of regeneration (around neck)
 k - a ring of flight (left hand)
 r - a ring of see invisible
Scrolls
 p - 2 scrolls of teleportation
Potions
 d - a potion of might
 f - a potion of brilliance
 g - a potion of ambrosia {unknown}
 h - 2 potions of lignification
 i - a potion of magic
 j - 2 potions of curing {unknown}
 m - a potion of berserk rage {unknown}
 n - a potion of invisibility {unknown}
 o - a potion of heal wounds {unknown}


   Skills:
 + Level 4.1 Fighting
 - Level 6.0 Axes
 - Level 2.6 Armour
 - Level 2.6 Shields


You had 5 spell levels left.
You didn't know any spells.
Your spell library was empty.

Dungeon Overview and Level Annotations

Branches:
Dungeon (5/15)
 Temple: D:4-7

Altars:
Cheibriados
Gozag
Kikubaaqudgha

Annotations:
D:2 1 runed translucent door, Crazy Yiuf
D:5 Prince Ribbit


Innate Abilities, Weirdness & Mutations

You have a pair of small antennae on your head.
You regenerate magic rapidly.
When seriously injured, your blood forms armour. (AC +6)


Message History

Prince Ribbit catches a millipede with his tongue.
You closely miss the hound.
The hound is heavily wounded.
You hit Prince Ribbit but do no damage. The hound bites you but does no damage.
Prince Ribbit barely misses you. The hound bites you but does no damage.
You completely miss the hound.
The hound is heavily wounded.
You slash Prince Ribbit! Prince Ribbit hits you!
Your blood congeals into armour.
You block the hound's attack. Prince Ribbit hits you.
The hound bites you but does no damage.
You are too injured to fight recklessly!
You are too injured to fight recklessly!
You are too injured to fight recklessly!
You are too injured to fight recklessly!
Unknown command.
You are too injured to fight recklessly!
Unknown command.
You are too injured to fight recklessly!
Unknown command.
You are too injured to fight recklessly!
Unknown command.
You hit the hound but do no damage.
The hound is heavily wounded.
You hit Prince Ribbit.
Prince Ribbit hits you but does no damage.
The hound bites you but does no damage. Prince Ribbit hits you.
The hound closely misses you.
Unknown command.
You barely miss the hound.
The hound is heavily wounded.
You barely miss Prince Ribbit. You block Prince Ribbit's attack.
The hound closely misses you.
Unknown command.
You miss the hound.
The hound is heavily wounded.
You barely miss Prince Ribbit. Prince Ribbit hits you!
* * * LOW HITPOINT WARNING * * *
The hound closely misses you. You block the hound's attack.
Prince Ribbit hits you!
You die...

..>... ......... .....#
#.....# .. ...#.##
##.....# . ......#
#......# .#
#.....###......# ..# .
#......##......####..#.#
#)).....'...............
##'##.###...##...F.....#
#.##.# #...##..@h.....#
#.##.# #...##..?....[.#
#.##.# ######.........#
#.##.# #.[........
#.##.# ######.....
#)##.# ....) #.##.# ..##
#.# ..# #.#


You could see Prince Ribbit and a hound.

Vanquished Creatures
  An ogre (D:5)
  An orc priest (D:4)
  A jelly (D:5)
  2 iguanas (D:4)
  2 orc wizards
  6 adders
  4 ribbon worms
  2 dart slugs
  11 orcs
  6 endoplasms
  5 giant cockroaches
  9 goblins
  9 hobgoblins
  9 kobolds
  4 quokkas
  9 ball pythons
  3 bats (D:3)
  4 frilled lizards
  10 rats
98 creatures vanquished.

Notes
Turn   | Place    | Note
-------+----------+-------------------------------------------
     0 | D:1      | diceflayer the Demonspawn Fighter began the quest for the
                  | Orb.
     0 | D:1      | Reached XP level 1. HP: 18/18 MP: 1/1
   106 | D:1      | Reached skill level 2 in Axes
   196 | D:1      | Gained mutation: You have a pair of small antennae on your
                  | head. [demonic ancestry]
   196 | D:1      | Reached XP level 2. HP: 24/24 MP: 2/2
   291 | D:1      | Reached skill level 3 in Axes
   560 | D:1      | Found a faded altar of an unknown god.
   814 | D:2      | Reached XP level 3. HP: 29/29 MP: 3/3
  1120 | D:2      | Reached XP level 4. HP: 21/35 MP: 4/4
  1346 | D:2      | Found a runed translucent door.
  1347 | D:2      | Noticed Crazy Yiuf
  1476 | D:3      | Reached skill level 4 in Axes
  1985 | D:4      | Found an opulent altar of Gozag.
  1993 | D:4      | Gained mutation: When seriously injured, your blood forms
                  | armour. (AC +6) [demonic ancestry]
  1993 | D:4      | Reached XP level 5. HP: 38/41 MP: 5/5
  2008 | D:4      | Reached skill level 5 in Axes
  2046 | D:4      | Found an ancient bone altar of Kikubaaqudgha.
  2173 | D:4      | Found a snail-covered altar of Cheibriados.
  2838 | D:5      | Entered Level 5 of the Dungeon
  2879 | D:5      | Gained mutation: You regenerate magic rapidly. [demonic
                  | ancestry]
  2879 | D:5      | Reached XP level 6. HP: 40/47 MP: 6/6
  2965 | D:5      | Reached skill level 6 in Axes
  3048 | D:5      | Noticed Prince Ribbit
  3059 | D:5      | Slain by Prince Ribbit

Illustrated notes

Levels and vault maps discovered:
D:1:      elethiomel_arrival_maze, layout_basic,
          shapermc_ecumenical_altar_ellora
D:2:      layout_rooms, kennysheep_generic_room_10, uniq_crazy_yiuf_cottage
D:3:      layout_basic
D:4:      layout_basic, nicolae_gozag_cash_rules_everything_around_me,
          kiku_gazebo_garden_becter, slow_altar_1
D:5:      layout_basic, lightli_ossuary_entry_decrepit_ruins,
          uniq_prince_ribbit1

Skill      XL: |  1  2  3  4  5  6 |
---------------+-------------------+-----
Axes           | 2 3 4 5 6 |  6.0
Fighting       | 4 |  4.1
Armour         | |  2.6
Shields        | |  2.6

Action                     |  1- 3 |  4- 6 || total
---------------------------+-------+-------++-------
  Melee: War axe           |   111 |   184 ||   295
    Use: Scroll            |       |     8 ||     8
 Armour: Scale mail        |   101 |    30 ||   131
         Chain mail        |       |   130 ||   130
  Dodge: Dodged            |    50 |    77 ||   127
  Block: Buckler           |    17 |    42 ||    59
